 Dungeon Crawl Stone Soup version 0.29.0-13-gc9e81de378 (webtiles) character file.

Game seed: 11092040042310884164

87 H0rd4k the Charlatan (level 4, -3/33 HPs)
             Began as a Human Artificer on Sept 7, 2022.
             Slain by an orc priest
             ... wielding a +0 mace
              (8 damage)
             ... on level 3 of the Dungeon.
             The game lasted 00:02:19 (3325 turns).

H0rd4k the Charlatan (Human Artificer)              Turns: 3325, Time: 00:02:20

Health: -3/33      AC:  4    Str: 13    XL:     4   Next: 80%
Magic:  4/4        EV: 12    Int: 13    God:
Gold:   69         SH:  0    Dex: 13    Spells: 3/3 levels left

rFire   . . .      SeeInvis .   s - +0 dagger (venom)
rCold   . . .      Faith    .   (no shield)
rNeg    . . .      Spirit   .   b - +0 leather armour
rPois   .          Reflect  .   (no helmet)
rElec   .          Harm     +   k - scarf {harm}
rCorr   .          Rampage  .   p - +0 pair of gloves
Will    .....                   (no boots)
Stlth   +.........              (no amulet)
HPRegen 0.11/turn               (no ring)
MPRegen 0.09/turn               (no ring)

@: no status effects
A: no striking features
a: no special abilities


You were on level 3 of the Dungeon.
You visited 1 branch of the dungeon, and saw 3 of its levels.

You collected 69 gold pieces.

Inventory:

Hand Weapons
 a - a +0 club
 f - a +3 dagger
 s - a +0 dagger of venom (weapon)
Armour
 b - a +0 leather armour (worn)
 k - a scarf of harm (worn)
 p - a +0 pair of gloves (worn)
Jewellery
 u - a +4 ring of protection
Wands
 c - a wand of flame (15) (quivered)
 d - a wand of charming (13)
 e - a wand of iceblast (5)
Scrolls
 g - 3 scrolls of identify {unknown}
 h - 2 scrolls of fear {unknown}
 i - 2 scrolls of teleportation {unknown}
 m - a scroll of enchant armour {unknown}
 n - a scroll of brand weapon {unknown}
Potions
 j - 2 potions of brilliance {unknown}
 l - a potion of might {unknown}
 o - a potion of invisibility {unknown}
 q - a potion of mutation {unknown}
 r - 2 potions of degeneration {unknown}
 t - a potion of berserk rage {unknown}


   Skills:
 + Level 1.8 Fighting
 * Level 2.8 Short Blades
 - Level 2.0 Armour
 + Level 2.2 Dodging
 - Level 1.0 Stealth
 - Level 3.0 Evocations


You had 3 spell levels left.
You didn't know any spells.
Your spell library was empty.

Dungeon Overview and Level Annotations

Branches:
Dungeon (3/15)

Altars:


Message History

A hobgoblin is nearby!
The hobgoblin shouts!
The hobgoblin barely misses you.
You hit the hobgoblin but do no damage.
The hobgoblin is poisoned.
The hobgoblin barely misses you.
A hobgoblin is nearby!
You hit the hobgoblin but do no damage.
The hobgoblin looks as sick as possible!
The hobgoblin is moderately wounded.
The hobgoblin misses you.
A hobgoblin is nearby!
A hobgoblin is nearby!
You hit the hobgoblin.
The hobgoblin looks as sick as possible!
The hobgoblin is severely wounded.
You kill the hobgoblin!
Found a robe.
No target in view!
Key pressed, stopping explore.
No target in view!
The orc priest shouts!
The orc priest invokes the aid of Beogh against you.
Pain shoots through your body!
An orc priest is nearby!
An orc priest is nearby!
An orc priest is nearby!
You hit the orc priest but do no damage.
The orc priest is poisoned.
The orc priest barely misses you.
You hit the orc priest but do no damage.
You hit the orc priest.
The orc priest looks as sick as possible!
The orc priest is moderately wounded.
The orc priest invokes the aid of Beogh against you.
Pain shoots through your body!
* * * LOW HITPOINT WARNING * * *
You are too injured to fight recklessly!
You are too injured to fight recklessly!
The orc priest attacks as you move away!
The orc priest hits you with a +0 mace!
You die...

####.#.##.##.# #.#..###.##.#.#
.......##.##)# #.#..###.##.#.####
####.####....###.#...............
#.# ###...).................. ..#
#...##.#..#####.##.#### ...#
#......#.^# #.##.# # ....#
##......#..#####.##.#### .....#
......o>#............... .....#
###.####@#......#.#######
...........###.#.# #.##
##.######..# #.#.####.## ####+##
#.# #..# #.#...[..## #.....# #.#
#..# #.#####..##
#.....###.######..# #.#####....
#.................###.##.....##
###.....###.######......##.##..#
..............####..###.##.##..#


You could see an orc priest (extremely poisoned).

Vanquished Creatures
  An adder (D:3)
  2 dart slugs (D:2)
  6 ball pythons
  8 bats
  6 endoplasms
  5 hobgoblins
  7 jackals (D:1)
  4 kobolds
  A quokka (D:1)
  2 frilled lizards
  7 goblins
  8 rats
57 creatures vanquished.

Vanquished Creatures (collateral kills)
  An orc priest (D:3)
  2 orcs (D:3)
  A rat (D:3)
4 creatures vanquished.

Vanquished Creatures (others)
  9 fungi (D:1)
  5 plants (D:1)
14 creatures vanquished.

Grand Total: 75 creatures vanquished

Notes
Turn   | Place    | Note
-------+----------+-------------------------------------------
     0 | D:1      | H0rd4k the Human Artificer began the quest for the Orb.
     0 | D:1      | Reached XP level 1. HP: 15/15 MP: 1/1
   429 | D:1      | Reached XP level 2. HP: 21/21 MP: 2/2
   450 | D:1      | Reached skill level 1 in Short Blades
   903 | D:1      | Reached XP level 3. HP: 8/26 MP: 3/3
  1201 | D:1      | Found a faded altar of an unknown god.
  2242 | D:2      | Reached XP level 4. HP: 33/33 MP: 4/4
  3325 | D:3      | Slain by an orc priest

Illustrated notes

Levels and vault maps discovered:
D:1:      dpeg_arrival_lava_temple_mockup, layout_rooms,
          shapermc_ecumenical_altar_mp_urbaneastern, dreamdust_mushroom_princess
D:2:      layout_rooms
D:3:      layout_basic

Skill      XL: |  1  2  3  4 |
---------------+-------------+-----
Short Blades   | 1 2 |  2.8
Dodging        | 2 |  2.2
Fighting       | |  1.8
Armour         | |  2.0
Stealth        | |  1.0
Evocations     | |  3.0

Action                   |  1- 3 |  4- 6 || total
-------------------------+-------+-------++-------
Melee: Dagger            |   127 |    41 ||   168
       Club              |    11 |       ||    11
Evoke: Wand              |       |     2 ||     2
 Stab: Sleeping          |     1 |       ||     1
Armor: Leather armour    |    42 |     8 ||    50
Dodge: Dodged            |    83 |    27 ||   110
